 Dungeon Crawl Stone Soup version 0.19-a0-1091-g463c9de (webtiles) character file.

208 JustSomeDude the Skirmisher (level 5, -1/63 HPs)
             Began as a Demonspawn Fighter on Aug 7, 2016.
             Was a Follower of Dithmenos.
             Slain by a crimson imp (3 damage)
             ... summoned by Natasha
             ... on level 2 of the Dungeon.
             The game lasted 00:08:18 (1609 turns).

JustSomeDude the Skirmisher (Demonspawn Fighter)    Turns: 1609, Time: 00:08:19

Health: -1/63      AC: 22    Str: 18      XL:     5   Next: 55%
Magic:  5/5        EV:  2    Int:  4 (7)  God:    Dithmenos [*.....]
Gold:   59         SH:  9    Dex: 14      Spells: 0 memorised, 4 levels left

rFire  . . .     SeeInvis .     r - +0 short sword
rCold  . . .     Gourm    .     (armour currently unavailable)
rNeg   + + +     Faith    +     c - +0 shield
rPois  +         Spirit   .     (helmet currently unavailable)
rElec  .         Dismiss  .     (cloak currently unavailable)
rCorr  .         Reflect  .     (gloves currently unavailable)
SustAt .         Harm     .     (boots currently unavailable)
MR     .....     NoTele   +     l - amulet of faith
Stlth  +++.......               (no ring)
                                (no ring)

@: tree-form, slowed, wreathed by umbra, very slow
A: (talons 0), agile 1, demonic guardian 1, deterioration 1, dopey 1,
nightstalker 1
a: Renounce Religion


You were on level 2 of the Dungeon.
You worshipped Dithmenos.
Dithmenos was aware of your devotion.
You were hungry.
You were a tree.
You visited 1 branch of the dungeon, and saw 2 of its levels.

You collected 59 gold pieces.

Inventory:

Hand Weapons
 a - a +0 trident
 r - a +0 short sword (weapon)
Armour
 b - a +0 scale mail
 c - a +0 shield (worn)
 p - a +0 ring mail
 s - a +0 robe (melded)
Jewellery
 l - an amulet of faith (around neck)
Scrolls
 e - a scroll of amnesia {unknown}
 g - a scroll of remove curse {unknown}
 i - a scroll of recharging {unknown}
 k - 4 scrolls of identify {unknown}
 n - a scroll of noise {unknown}
 q - a scroll of magic mapping {unknown}
 v - a scroll of random uselessness {unknown}
Potions
 d - a potion of flight {unknown}
 h - a potion of haste {unknown}
 o - a potion of heal wounds {unknown}
 u - 2 potions of ambrosia {unknown}
Comestibles
 f - 3 bread rations
 j - 2 fruits


   Skills:
 + Level 4.0 Fighting
 + Level 2.7 Polearms
 + Level 3.4 Armour
 + Level 1.8 Dodging
 + Level 0.2 Stealth
 + Level 3.4 Shields


You had 4 spell levels left.
You didn't know any spells.

Dungeon Overview and Level Annotations

Branches:
Dungeon (2/15)

Altars:
Dithmenos

Annotations:
D:2 Natasha


Innate Abilities, Weirdness & Mutations

A weak demonic guardian rushes to your aid.
You are slightly more attuned to the shadows.
((You have sharp toenails.))
You are agile. (Dex +2)
Your body sometimes deteriorates upon taking damage.
You are dopey. (Int -2)


Message History

You aren't carrying any items that you can evoke without wielding.
The crimson imp hits you but does no damage.
Natasha stares at you and mumbles some strange words.
You feel as though you will be slow longer.
The crimson imp hits you.
* * * LOW HITPOINT WARNING * * *
Natasha howls an incantation.
You feel troubled.
Natasha zaps a wand.
The puff of flame hits you! You block the crimson imp's attack.
You hit Natasha.
Natasha is moderately wounded.
The crimson imp laughs crazily.
The crimson imp hits you but does no damage.
You block Natasha's attack. You block the crimson imp's attack.
Natasha claws you but does no damage.
You hit Natasha.
Natasha is heavily wounded.
The crimson imp hits you.
You die...

.#### ....# ..
#. #######...
.##.# .........#
.... .........
..# ......5h#
##. #..
#.........5♣#...
##..
...........#.#
..##...
#............#
#......
#........?...#
#......
#..#####....#
##.....
#..####..##.#
##....
#...##..## ...
###....
#.#....## ##..
....... #.#.##.#
## ####<..


You could see Natasha, a crimson imp and a friendly white imp.

Vanquished Creatures
  Sigmund (D:2)
  2 adders (D:2)
  An ooze (D:1)
  3 dart slugs (D:1)
  3 giant cockroaches (D:1)
  2 goblins (D:1)
  3 hobgoblins
  4 jackals (D:2)
  2 kobolds (D:1)
  5 bats (D:1)
  A giant newt (D:1)
  5 rats
32 creatures vanquished.

Vanquished Creatures (collateral kills)
  Natasha (D:2)
1 creature vanquished.

Grand Total: 33 creatures vanquished

Notes
Turn   | Place    | Note
-------+----------+-------------------------------------------
     0 | D:1      | JustSomeDude the Demonspawn Fighter began the quest for the Orb.
     0 | D:1      | Reached XP level 1. HP: 18/18 MP: 1/1
    95 | D:1      | Gained mutation: A weak demonic guardian rushes to your aid. [demonic ancestry]
    95 | D:1      | Reached XP level 2. HP: 21/24 MP: 2/2
   464 | D:1      | Reached XP level 3. HP: 20/29 MP: 3/3
   774 | D:2      | Noticed Sigmund
   774 | D:2      | Noticed Natasha
   936 | D:2      | Found a faded altar of an unknown god.
   950 | D:2      | Became a worshipper of Dithmenos the Shadowed
   950 | D:2      | Reached * piety under Dithmenos
  1286 | D:2      | Gained mutation: You are agile. (Dex +2) [potion of mutation]
  1286 | D:2      | Gained mutation: You have sharp toenails. [potion of mutation]
  1286 | D:2      | Gained mutation: Your body sometimes deteriorates upon taking damage. [potion of mutation]
  1287 | D:2      | Gained mutation: Your muscles are strong. (Str +2) [potion of mutation]
  1287 | D:2      | Lost mutation: Your muscles are strong. (Str +2) [potion of mutation]
  1287 | D:2      | Gained mutation: You are dopey. (Int -2) [potion of mutation]
  1294 | D:2      | HP: 2/43 [Sigmund/scythe (4)]
  1295 | D:2      | Killed Sigmund
  1295 | D:2      | Reached skill level 1 in Dodging
  1295 | D:2      | Reached XP level 4. HP: 3/37 MP: 4/4
  1295 | D:2      | Gained mutation: You are slightly more attuned to the shadows. [demonic ancestry]
  1295 | D:2      | Reached XP level 5. HP: 4/42 MP: 5/5
  1598 | D:2      | Killed Natasha
  1598 | D:2      | Reached skill level 4 in Fighting
  1603 | D:2      | Noticed Natasha
  1604 | D:2      | HP: 1/63 [Natasha/wand of flame (9)]
  1609 | D:2      | Slain by a crimson imp

Vault maps used:
D:1:      lemuel_arrival_hallway
D:2:      nicolae_overflow_crystal_walls, first_bread, ecumenical_altar_1,
          uniq_sigmund, uniq_robin, uniq_natasha

Skill      XL: |  1  2  3  4  5 |
---------------+----------------+-----
Polearms       | 2 |  2.7
Armour         | 3 |  3.4
Shields        | 3 |  3.4
Dodging        | 1 |  1.8
Fighting       | 4 |  4.0
Stealth        | |  0.2

Action                   |  1- 3 |  4- 6 || total
-------------------------+-------+-------++-------
Melee: Trident           |    86 |       ||    86
       Short sword       |    25 |    11 ||    36
       Kick              |       |     3 ||     3
  Use: Potion            |     4 |     1 ||     5
  Eat: Fruit             |     1 |       ||     1
       Chunk             |       |     1 ||     1
Armor: Scale mail        |    37 |       ||    37
       Skin              |     3 |     6 ||     9
       Robe              |     2 |       ||     2
Dodge: Dodged            |    41 |     2 ||    43
Block: Shield            |    56 |     6 ||    62
